 Dungeon Crawl Stone Soup version 0.31-a0-188-g5e087ee2ca (webtiles) character file.

Game seed: 17170122227000329855

371 qw the Skirmisher (level 6, -5/35 HPs)
             Began as a Deep Elf Hunter on June 23, 2023.
             Killed from afar by an orc wizard (11 damage)
             ... with a puff of flame
             ... on level 3 of the Dungeon.
             The game lasted 00:00:50 (2568 turns).

qw the Skirmisher (Deep Elf Hunter)                 Turns: 2568, Time: 00:00:51

Health: -5/35      AC:  7    Str: 10    XL:     6   Next: 42%
Magic:  8/8        EV: 11    Int: 14    God:
Gold:   244        SH:  0    Dex: 18    Spells: 5/5 levels left

rFire   . . .        b - +0 shortbow (heavy)
rCold   . . .        (shield currently unavailable)
rNeg    . . .        f - +2 ring mail
rPois   .            (no helmet)
rElec   .            (no cloak)
rCorr   .            (no gloves)
SInv    .            (no boots)
Will    .....        d - amulet of faith Stlth
                     (no ring)
HPRegen 0.25/turn    (no ring)
MPRegen 0.11/turn

%: faith
@: confused, lethally poisoned (-5 -> -13)
A: MP-powered wands
a: no special abilities


You were on level 3 of the Dungeon.
You visited 1 branch of the dungeon, and saw 5 of its levels.

You collected 244 gold pieces.


Innate Abilities, Weirdness & Mutations

You expend magic power (3 MP) to strengthen your wands.


   Skills:
 - Level 2.0 Fighting
 - Level 10.0 Ranged Weapons
 + Level 2.5 Dodging
 - Level 1.2 Stealth


You had 5 spell levels left.
You didn't know any spells.
Your spell library was empty.

Inventory:

Hand Weapons
 b - a +0 heavy shortbow (weapon)
Armour
 c - a +2 robe of fire resistance
 f - a +2 ring mail (worn)
Jewellery
 d - an amulet of faith (around neck)
Potions
 a - a potion of enlightenment {unknown}
 e - a potion of resistance {unknown}
 g - 3 potions of haste
 h - a potion of mutation
 k - a potion of attraction {unknown}

Dungeon Overview and Level Annotations

Branches:
Dungeon (5/15)
 Temple: D:4-7

Altars:

Annotations:
D:3 Terence


Message History

The hobgoblin barely misses you. The orc hits you but does no damage.
You are poisoned.
Terence the Incautious comes into view.
He is wielding a +1 trident of protection and carrying a wand of flame (11).
You shoot an arrow. The arrow closely misses the hobgoblin.
Terence shouts!
You feel very sick.
The orc wizard mumbles some strange words.
The orc wizard flickers and vanishes!
Deactivating autopickup; reactivate with Ctrl-A.
An orc comes into view. It is wielding a +0 hand axe.
The orc completely misses you.
The hobgoblin hits you but does no damage.
The orc shouts!
You shoot an arrow. The arrow hits the hobgoblin!
You kill the hobgoblin!
You feel sick.
The orc hits you with a +1 flail of venom.
You are more poisoned.
Terence zaps a wand.
The puff of flame misses you.
You shoot an arrow. The arrow closely misses the orc.
You feel very sick.
The orc hits you with a +1 flail of venom.
You are lethally poisoned!
You shoot an arrow. The arrow hits the orc!
You kill the orc!
You feel extremely sick. The bat barely misses you. x2
You hear some strange, mumbled words.
You are confused.
You feel very sick. The bat hits you but does no damage.
An orc comes into view. It is wielding a +0 flail.
Something hits you but does no damage. Terence barely misses you.
You feel very sick.
The orc shouts!
The orc hits you but does no damage. Terence barely misses you.
You hear some strange, mumbled words.
A puff of flame appears from out of thin air!
The puff of flame hits you!
You die...

#.. #.# #.#
#.# #)# #)#
#># ####
#.######b...#
#.....@o@...#
#######{o...#
.....#
.......
.#.#.## .#.#
.. .# # # .#


You could see Terence, 2 orcs and a bat.

Vanquished Creatures
  A scorpion (D:5)
  An orc priest (D:4)
  Jessica (D:3)
  An iguana (D:4)
  An orc wizard (D:5)
  5 gnolls
  7 adders
  3 worms
  A dart slug (D:1)
  11 orcs
  7 ball pythons
  7 bats
  10 endoplasms
  2 giant cockroaches
  4 goblins
  4 hobgoblins
  4 jackals (D:3)
  A quokka (D:2)
  2 frilled lizards (D:2)
  6 kobolds
  2 rats
81 creatures vanquished.

Notes
Turn   | Place    | Note
-------+----------+-------------------------------------------
     0 | D:1      | qw the Deep Elf Hunter began the quest for the Orb.
     0 | D:1      | Reached XP level 1. HP: 12/12 MP: 3/3
     0 | D:1      | 0 ||| qw: Version: 0.3-a-9-g12657ce
     0 | D:1      | 0 ||| qw: Game counter: 3690
     0 | D:1      | 0 ||| qw: Always use a shield: true
     0 | D:1      | 0 ||| qw: God list: Okawaru
     0 | D:1      | 0 ||| qw: Allow faded altars: false
     0 | D:1      | 0 ||| qw: Do Orc after D:15 true
     0 | D:1      | 0 ||| qw: Do second Lair branch before Depths: true
     0 | D:1      | 0 ||| qw: Lair rune preference: random
     0 | D:1      | 0 ||| qw: Plans: Normal
     0 | D:1      | 0 ||| PLANNING D:1-11
    48 | D:1      | Found a faded altar of an unknown god.
   428 | D:1      | Reached XP level 2. HP: 16/16 MP: 4/4
   430 | D:1      | Reached skill level 6 in Ranged Weapons
   615 | D:1      | 615 ||| UPGRADING to +0 scale mail.
   625 | D:1      | 625 ||| DROPPING +0 leather armour.
   626 | D:1      | 626 ||| UPGRADING to +0 ring mail.
   636 | D:1      | 636 ||| DROPPING +0 scale mail.
   637 | D:1      | 637 ||| READING scroll labelled KOCKOTS ESUETI.
   638 | D:1      | 638 ||| READING 3 scrolls labelled RIYMIH LOATHA.
   639 | D:1      | 639 ||| READING 2 scrolls of enchant armour.
   639 | D:1      | 639 ||| ENCHANTING +0 ring mail.
   640 | D:1      | 640 ||| READING scroll of enchant armour.
   640 | D:1      | 640 ||| ENCHANTING +1 ring mail.
   641 | D:1      | 641 ||| READING scroll labelled MUUBRA QAEPO.
   642 | D:1      | 642 ||| DRINKING 2 lumpy yellow potions.
   643 | D:1      | 643 ||| DROPPING scroll of butterflies.
   753 | D:2      | Reached XP level 3. HP: 12/20 MP: 5/5
   918 | D:2      | Reached skill level 7 in Ranged Weapons
  1006 | D:2      | Reached XP level 4. HP: 25/25 MP: 6/6
  1588 | D:2      | 1588 ||| READING scroll labelled KOAZXE DUTABRI.
  1589 | D:2      | 1589 ||| READING scroll labelled HIMOXU GUDUL.
  1590 | D:2      | 1590 ||| READING scroll labelled IPRING LEOTY.
  1649 | D:3      | Noticed Jessica
  1650 | D:3      | Killed Jessica
  1651 | D:3      | Reached skill level 8 in Ranged Weapons
  1767 | D:3      | Reached XP level 5. HP: 23/29 MP: 7/7
  2092 | D:3      | You fall into a shaft and drop 2 floors!
  2092 | D:5      | Entered Level 5 of the Dungeon
  2147 | D:5      | Reached skill level 9 in Ranged Weapons
  2258 | D:5      | Reached XP level 6. HP: 24/35 MP: 8/8
  2321 | D:5      | 2321 ||| UPGRADING to amulet of faith.
  2519 | D:4      | 2519 ||| DRINKING 2 sedimented orange potions.
  2519 | D:4      | Gained mutation: Your muscles are strong. (Str +4, Int/Dex
                  | -1) [potion of mutation]
  2519 | D:4      | Lost mutation: Your muscles are strong. (Str +4, Int/Dex
                  | -1) [potion of mutation]
  2519 | D:4      | Gained mutation: You expend magic power (3 MP) to
                  | strengthen your wands. [potion of mutation]
  2529 | D:3      | Reached skill level 10 in Ranged Weapons
  2562 | D:3      | Noticed Terence
  2568 | D:3      | HP: 6/35 [poisoned by an orc]
  2568 | D:3      | Killed from afar by an orc wizard

Levels and vault maps discovered:
D:1:      heliophobic_arrival_ceremonial_halls, layout_basic,
          shapermc_ecumenical_altar_pompeii
D:2:      wad_crossroads, layout_basic, grunt_ministairs_11
D:3:      minmay_razor_zed, layout_basic, nicolae_ru_sacrificial_ziggurat,
          mainiacjoe_overflow_boulevard, uniq_jessica, uniq_terence
D:4:      layout_basic, roderic_lattice_a
D:5:      layout_gridville, mainiacjoe_overflow_alcove_2,
          mainiacjoe_overflow_cross_hatched, hangedman_decor_diamond_cutter

Skill      XL: |  1  2  3  4  5  6 |
---------------+-------------------+-----
Ranged Weapons | 6 7 8 9 10 | 10.0
Fighting       | 2 |  2.0
Dodging        | |  2.5
Stealth        | |  1.2

Action                     |  1- 3 |  4- 6 || total
---------------------------+-------+-------++-------
   Fire: Shortbow          |    59 |   116 ||   175
    Use: Scroll            |     5 |     3 ||     8
         Potion            |     1 |     1 ||     2
 Armour: Leather armour    |     1 |       ||     1
         Ring mail         |     5 |    26 ||    31
  Dodge: Dodged            |    21 |    33 ||    54

Table legend:
 A = Non-vault XP
 B = Vault XP
 C = Vault XP percentage of total XP
 D = Non-vault monster count
 E = Vault monster count
 F = Vault count percentage of total count
                 A         B        C        D         E       F
            +---------+---------+-------+---------+---------+-------
      Total |     454 |      76 |  14.3 |      70 |      11 |  13.6
            +---------+---------+-------+---------+---------+-------
        D:1 |      22 |       0 |   0.0 |      11 |       0 |   0.0
        D:2 |      99 |      21 |  17.5 |      21 |       6 |  22.2
        D:3 |     101 |      55 |  35.3 |      20 |       5 |  20.0
        D:4 |      98 |       0 |   0.0 |      10 |       0 |   0.0
        D:5 |     134 |       0 |   0.0 |       8 |       0 |   0.0
            +---------+---------+-------+---------+---------+-------
